Map: Coda LE (Void)

Players

ƾǂǁMoneyǁǂƾ - Winner!

  • Race: Terran Terran
  • League: Grandmaster

CaptRaynor

  • Race: Zerg Zerg
  • League: Grandmaster

VOD

Have the link to the VOD?

Description

Time

  • Played on: June 4, 2015, 11:44 p.m.
  • Length: 22:26
Show
View Real Time Build Order
Export as new Build Order

ƾǂǁMoneyǁǂƾ Terran - Winner!

Build Orders: Command Center First (CC) 

Get SALT Encoding   

  12  0:01  SCV  
  13  0:13  SCV  
  14  0:25  SCV  
  15  0:29  Supply Depot  
  15  0:50  SCV  
  15  0:52  Refinery  
  16  1:03  SCV  
  17  1:20  SCV  
  18  1:25  Command Center  
  18  1:32  SCV  
  19  1:46  SCV  
  20  1:49  Refinery  
  20  1:56  Barracks  
  20  1:59  SCV  
  21  2:11  SCV  
  22  2:27  SCV  
  23  2:44  Orbital Command x2  
  23  2:46  Factory  
  23  2:47  Barracks Tech Lab  
  23  2:52  Supply Depot  
  23  3:09  SCV x2  
  25  3:21  SCV x2  
  27  3:33  SCV  
  28  3:36  Armory, SCV  
  28  3:39  Cyclone  
  32  3:49  SCV  
  32  3:52  Marine  
  32  3:53  Bunker, Orbital Command  
  34  4:01  SCV  
  35  4:03  Command Center  
  35  4:11  Cyclone  
  35  4:13  SCV  
  35  4:14  Marine  
  40  4:19  SCV  
  41  4:25  SCV  
  41  4:31  SCV  
  43  4:37  SCV  
  44  4:43  SCV  
  45  4:49  SCV  
  46  5:00  Supply Depot  
  46  5:01  Supply Depot  
  46  5:02  Supply Depot, Refinery  
  46  5:03  Refinery  
  46  5:05  Command Center  
  46  5:07  Unknown  
  46  5:10  Terran Vehicle Armor Level 1  
  46  5:12  Starport  
  46  5:15  SCV x2  
  46  5:17  Orbital Command  
  48  5:22  Engineering Bay  
  48  5:27  SCV x2  
  50  5:39  SCV  
  50  5:40  Barracks Reactor  
  50  5:42  Factory  
  51  5:43  SCV  
  51  5:44  SCV  
  51  5:49  Supply Depot  
  53  5:50  Starport Tech Lab  
  53  5:51  Armory, SCV  
  53  5:54  Supply Depot  
  54  6:02  Starport  
  54  6:03  SCV  
  55  6:05  Thor  
  55  6:06  SCV x2  
  54  6:18  Orbital Command  
  63  6:20  SCV x2, Liberator  
  65  6:28  SCV, Factory  
  67  6:32  SCV  
  67  6:33  SCV  
  67  6:35  Supply Depot  
  67  6:38  Command Center  
  70  6:41  SCV  
  70  6:43  Starport Reactor  
  70  6:44  SCV  
  72  6:49  Supply Depot, SCV  
  72  6:53  SCV  
  74  6:56  Refinery, Orbital Command  
  74  6:57  SCV  
  74  6:58  Missile Turret  
  74  6:59  Terran Ship Weapons Level 1  
  74  7:00  Refinery  
  74  7:01  SCV  
  76  7:05  Terran Ship Armor Level 1  
  76  7:06  SCV  
  77  7:09  SCV  
  77  7:12  Missile Turret x2  
  77  7:13  Factory Tech Lab  
  78  7:17  SCV  
  78  7:18  SCV  
  80  7:23  SCV  
  81  7:30  Fusion Core  
  81  7:31  Supply Depot, Liberator x2  
  81  7:32  Supply Depot  
  81  7:33  Liberator  
  81  7:35  SCV x2  
  81  7:36  Supply Depot  
  83  7:37  Supply Depot  
  83  7:38  Missile Turret x2  
  83  7:40  Missile Turret  
  83  7:41  SCV x2  
  83  7:43  Missile Turret  
  91  7:51  SCV x2  
  91  7:53  SCV  
  94  7:59  Orbital Command  
  94  8:07  Command Center  
  94  8:08  SCV x2  
  94  8:12  Siege Tank x2  
  102  8:18  Command Center  
  102  8:19  Supply Depot, SCV x2  
  104  8:20  Supply Depot  
  104  8:26  SCV x2  
  106  8:39  SCV x2, Liberator  
  108  8:43  Missile Turret  
  108  8:44  Cyclone  
  108  8:45  Cyclone  
  114  8:48  Supply Depot  
  114  8:52  Barracks Reactor  
  120  8:56  Orbital Command  
  116  9:08  Missile Turret  
  116  9:09  Terran Ship Weapons Level 2  
  116  9:15  Terran Ship Armor Level 2  
  116  9:16  Thor x2  
  128  9:24  Infernal Pre-Igniter  
  128  9:26  Hellion  
  128  9:27  Hellion  
  128  9:35  Missile Turret  
  128  9:36  Refinery x2  
  128  9:38  Missile Turret x3  
  128  9:48  Hellion x2  
  132  9:56  Planetary Fortress  
  132  9:57  Planetary Fortress  
  136  10:00  Hellion x2  
  136  10:09  Hellion x2  
  136  10:12  Liberator x2  
  140  10:19  Missile Turret  
  140  10:20  Missile Turret  
  142  10:21  Hellion  
  142  10:32  SCV x2  
  142  10:34  SCV x2  
  150  10:37  SCV x2  
  152  10:43  Command Center  
  152  10:47  Command Center  
  152  10:49  Command Center  
  152  10:53  Command Center, SCV x3  
  152  10:55  Command Center  
  155  11:05  Starport  
  155  11:06  Starport  
  155  11:12  Unknown  
  150  11:31  Missile Turret  
  150  11:32  Refinery  
  150  11:33  Missile Turret  
  150  11:55  SCV x2  
  150  11:58  Orbital Command x2  
  152  12:06  Refinery  
  152  12:08  Starport x2  
  152  12:09  Starport  
  152  12:10  Starport  
  152  12:11  Starport  
  152  12:12  Planetary Fortress  
  152  12:16  Missile Turret  
  152  12:20  Planetary Fortress  
  152  12:22  Command Center  
  152  12:30  Liberator x3  
  146  12:43  Starport Reactor  
  146  12:44  Starport Reactor  
  152  13:13  Liberator  
  152  13:29  Starport Reactor x2  
  152  13:30  Starport Reactor x3  
  152  13:33  Viking  
  152  13:34  Viking x5  
  160  13:36  Planetary Fortress, Missile Turret  
  160  13:39  Planetary Fortress  
  166  13:42  Siege Tank x2  
  166  13:48  Terran Ship Armor Level 3, Terran Ship Weapons Level 3  
  172  13:53  Factory  
  172  13:54  Factory  
  172  13:55  Factory  
  172  13:57  Command Center  
  172  14:02  Missile Turret, Liberator x4  
  172  14:03  Viking  
  172  14:08  Hellion x2  
  178  14:10  Drilling Claws  
  178  14:13  Unknown  
  178  14:14  Hellion, Siege Tank  
  191  14:27  Viking x4  
  199  14:53  Hellion  
  199  14:54  Hellion x2  
  193  15:15  Factory Reactor x3  
  193  16:10  Liberator x5  
  193  16:11  Liberator x8  
  199  16:44  Planetary Fortress  
  197  18:05  Command Center  
  193  18:06  Command Center  
  193  18:08  Command Center  
  179  18:49  Viking x4  
  179  18:50  Viking x2  
  191  18:56  Refinery  
  191  18:57  Refinery  
  191  19:27  Terran Vehicle Armor Level 2, Terran Vehicle Weapons Level 1  
  191  19:32  Planetary Fortress x3  
  191  19:35  Missile Turret  
  191  19:37  Missile Turret x2  
  191  19:44  Missile Turret  
  191  19:45  Missile Turret x2  
  190  19:46  Missile Turret x2  
  190  19:47  Viking x4  
  190  19:48  Viking  
  188  20:23  Viking x2  
  188  20:24  Viking x2  
  196  20:31  Missile Turret x2  
  196  20:33  Hellion x2  
  190  21:22  Viking x3  
  190  21:39  Missile Turret  
  178  21:40  Command Center, Missile Turret x2  
  178  21:41  Hellion, Missile Turret x2  
  178  21:42  Hellion x2, Refinery, Missile Turret  
  178  21:43  Refinery  
Show
View Real Time Build Order
Export as new Build Order

CaptRaynor Zerg 

Build Orders: Pool First 

Get SALT Encoding   

  12  0:03  Drone  
  13  0:25  Drone  
  13  0:26  Overlord  
  14  0:35  Spawning Pool  
  13  0:51  Drone x3  
  16  1:08  Extractor  
  15  1:16  Drone x2  
  17  1:36  Drone x2  
  17  1:37  Queen  
  21  1:45  Overlord  
  21  1:49  Hatchery  
  20  2:10  Drone x2  
  22  2:16  Queen  
  24  2:28  Overlord  
  24  2:30  Drone  
  25  2:39  Roach Warren  
  25  2:43  Drone  
  25  2:45  Extractor  
  25  2:46  Drone  
  25  2:47  Drone x3  
  28  3:01  Queen  
  30  3:11  Drone  
  30  3:12  Drone x2  
  33  3:20  Lair  
  33  3:35  Drone  
  33  3:36  Drone x5  
  33  3:38  Burrow  
  39  3:43  Overlord  
  39  4:09  Drone  
  40  4:10  Drone x5  
  45  4:21  Hydralisk Den  
  44  4:25  Extractor  
  43  4:32  Evolution Chamber  
  43  4:35  Evolution Chamber  
  41  4:41  Lurker Den  
  41  4:49  Queen  
  43  4:59  Tunneling Claws  
  43  5:05  Zerg Ground Armor Level 1  
  43  5:09  Extractor  
  43  5:10  Drone  
  43  5:11  Drone x5  
  43  5:13  Overlord x4  
  48  5:30  Hydralisk x2  
  48  5:31  Hydralisk x3  
  48  5:33  Zergling x4  
  60  5:53  Zerg Missile Weapons Level 1  
  60  5:55  Hatchery  
  59  6:23  Glial Reconstitution  
  59  6:33  Queen x2  
  63  6:40  Hydralisk x4  
  63  6:43  Roach x5  
  63  6:44  Roach  
  83  6:48  Overlord  
  83  6:49  Overlord x2  
  83  6:51  Overlord  
  83  6:57  Drone  
  84  7:03  Muscular Augments  
  84  7:12  Lurker x3  
  87  7:30  Overlord x3  
  87  7:33  Drone x6  
  93  7:45  Zerg Ground Armor Level 2  
  93  7:50  Drone x6  
  99  7:52  Drone  
  100  8:04  Ravager  
  100  8:05  Ravager x4  
  105  8:11  Extractor  
  105  8:12  Queen  
  106  8:13  Extractor  
  105  8:28  Drone x3  
  105  8:32  Zerg Missile Weapons Level 2  
  108  8:46  Infestation Pit  
  107  8:54  Overlord  
  107  8:55  Overlord x2  
  107  9:01  Metabolic Boost  
  107  9:04  Hydralisk x4  
  107  9:05  Hydralisk  
  107  9:06  Roach x2  
  121  9:36  Hatchery  
  117  10:15  Zergling x2  
  117  10:16  Zergling x28  
  117  10:17  Zergling x18  
  141  10:38  Zerg Melee Weapons Level 1  
  141  10:40  Hive  
  141  10:56  Hydralisk, Roach x6  
  141  10:57  Hydralisk x6  
  153  11:04  Overlord x5  
  167  11:05  Overlord x3  
  179  12:17  Zerg Missile Weapons Level 3  
  179  12:18  Drone x2  
  179  12:19  Drone x2  
  183  12:27  Nydus Network  
  183  12:29  Ultralisk Cavern  
  174  12:48  Drone x5  
  179  14:11  Extractor  
  179  14:13  Extractor  
  177  14:17  Ultralisk  
  177  14:18  Ultralisk x2  
  195  14:33  Zerg Ground Armor Level 3  
  191  14:39  Chitinous Plating  
  176  15:27  Hydralisk  
  176  15:28  Hydralisk x7  
  180  15:29  Hydralisk x3  
  85  16:26  Spire  
  85  16:28  Spire  
  57  17:00  Hydralisk x5  
  57  17:01  Hydralisk x5  
  67  17:02  Hydralisk x10  
  51  18:28  Mutalisk  
  51  18:29  Mutalisk x6  
  51  18:30  Mutalisk x2  
  67  19:20  Zerg Flyer Weapons Level 1  
  67  19:21  Zerg Flyer Armor Level 1  
  67  19:22  Mutalisk x5  
  70  20:11  Hatchery  
  57  20:25  Drone  
  57  20:26  Drone x2  
  60  20:31  Drone x4  
  60  20:32  Drone x3  
  67  21:02  Zergling x10  
  69  21:32  Zergling x2  
  70  21:33  Zergling x12  
  69  21:43  Drone x2  
Tags
 
Add a new tag
Caveats
  • Supply blocks, unpowered buildings, or Contaminate may cause inaccurate times.
  • Supply counts are checked every 10 seconds.